 Dungeon Crawl Stone Soup version 0.26.1 (webtiles) character file.

Game seed: 9228627686707269969

11652 Majorwet the Cleaver (level 11, -4/89 HPs)
             Began as a Demonspawn Berserker on Feb 4, 2021.
             Was a High Priest of Trog.
             Slain by a manticore (13 damage)
             ... on level 11 of the Dungeon on Feb 5, 2021.
             The game lasted 00:47:43 (16300 turns).

Majorwet the Cleaver (Demonspawn Berserker)        Turns: 16300, Time: 00:47:44

Health: -4/89      AC: 14    Str: 20    XL:     11   Next: 52%
Magic:  0/11       EV: 14    Int:  9    God:    Trog [*****.]
Gold:   732        SH:  5    Dex: 13    Spells: 10/10 levels left

rFire    . . .     SeeInvis .   D - +2 broad axe (vorpal)
rCold    . . .     Faith    .   o - +0 buckler
rNeg     . . .     Spirit   +   C - +0 plate armour
rPois    .         Reflect  .   (helmet restricted)
rElec    .         Harm     .   (no cloak)
rCorr    .         Rampage  .   (no gloves)
Will     .....                  O - +0 pair of boots
Stlth    ..........             (no amulet)
HPRegen  0.24/turn              (no ring)
MPRegen  0.12/turn              (no ring)

@: agile, berserk cooldown, slowed, very slow
A: horns 2, repulsion field 1, powered by pain 3, magic shield
a: Renounce Religion, Berserk, Trog's Hand, Brothers in Arms


You were on level 11 of the Dungeon.
You worshipped Trog.
Trog was extremely pleased with you.
You visited 2 branches of the dungeon, and saw 12 of its levels.

You collected 732 gold pieces.

Inventory:

Hand Weapons
 t - a +1 hand axe of venom
 A - a +4 mace
 D - a +2 vorpal broad axe (weapon)
 P - a +0 broad axe of flaming
Missiles
 x - 32 poisoned darts
Armour
 f - a +2 ring mail of fire resistance
 o - a +0 buckler (worn)
 q - a +1 ring mail of fire resistance
 C - a +0 plate armour (worn)
 E - +0 steam dragon scales
 O - a +0 pair of boots (worn)
Jewellery
 y - an uncursed ring of resist corrosion
 z - an uncursed ring of magical power
 K - a cursed ring of teleportation {unknown}
Wands
 a - a wand of digging (9)
 p - a wand of flame (33)
 v - a wand of disintegration (18) (quivered)
 M - a wand of paralysis (27)
Scrolls
 c - 3 scrolls of enchant weapon
 d - 5 scrolls of teleportation {unknown}
 g - a scroll of fear
 i - 2 scrolls of identify
 m - 5 scrolls of remove curse {unknown}
 r - 2 scrolls of blinking
 s - 5 scrolls of magic mapping {unknown}
 w - 3 scrolls of immolation {unknown}
 F - a scroll of fog
 G - a scroll of amnesia
 H - a scroll of random uselessness {unknown}
 I - 2 scrolls of enchant armour
 J - a scroll of brand weapon {unknown}
 N - a scroll of silence {unknown}
Potions
 b - 2 potions of might
 e - 2 potions of curing
 h - a potion of ambrosia
 j - 2 potions of invisibility
 k - a potion of brilliance
 l - 3 potions of lignification
 n - 2 potions of cancellation {unknown}
 u - a potion of flight {unknown}
 B - a potion of magic {unknown}
 L - a potion of attraction {unknown}


   Skills:
 * Level 9.1 Fighting
 * Level 11.5 Axes
 + Level 6.4 Armour
 - Level 3.6 Dodging
 + Level 3.9 Shields
 - Level 5.4 Unarmed Combat
 + Level 0.2 Evocations


You had 10 spell levels left.
You didn't know any spells.
Your spell library was empty.

Dungeon Overview and Level Annotations

Branches:
Dungeon (11/15)            Temple (0/1) D:7            Lair (1/6) D:8
    Orc: D:9-12

Altars:
Ashenzari
Dithmenos
Fedhas
Gozag
Hepliaklqana
Kikubaaqudgha
Makhleb
Qazlal
Beogh

Shops:
D:7 (

Portals:
Trove: D:10 (give 2 scrolls of acquirement)


Innate Abilities, Weirdness & Mutations

You have a pair of horns on your head.
You are surrounded by a mild repulsion field. (EV +2)
You are powered by pain.
When hurt, damage is shared between your health and your magic reserves.


Message History

The manticore is almost dead.
The manticore bites you!
* * * LOW HITPOINT WARNING * * *
The manticore barely misses you.
The manticore claws you but does no damage.
The manticore bites you but does no damage.
The manticore claws you but does no damage. x2
You feel better. The manticore bites you!
* * * LOW HITPOINT WARNING * * *
You focus on the pain.
You feel agile all of a sudden. You block the manticore's attack.
The manticore claws you.
* * * LOW HITPOINT WARNING * * *
You hit the manticore but do no damage. Your headbutt misses the manticore.
The manticore is almost dead.
The manticore bites you.
* * * LOW HITPOINT WARNING * * *
The manticore claws you but does no damage.
The manticore misses you. The manticore bites you!
You die...

.#.#####. .........
.......#
#########......#
##.....#......^.
#.#.............###.
#....(.......H......
#...........@)......
##..................#
...................#
#.................#
#.....)...........#
##.....)........#.#
#.
###.....#.........#
#.##...#.###...##.#..
#.#..###.###..## ....


You could see a manticore.

Vanquished Creatures
  2 two-headed ogres
  Pikel (D:5)
  An ugly thing (D:11)
  A cane toad (Lair:1)
  Maggie (D:8)
  2 kobold demonologists
  A komodo dragon (Lair:1)
  2 polar bears
  Grinder (D:6)
  A wraith (D:10)
  4 yaks (D:10)
  Edmund (D:6)
  A water moccasin (D:9)
  4 sky beasts
  6 orc warriors
  4 ice beasts
  2 black bears
  An eye of draining (D:9)
  4 ogres
  4 phantoms
  A wolf (D:10)
  6 centaurs
  7 bullfrogs
  A scorpion (D:5)
  A water moccasin skeleton (D:8)
  12 killer bees
  4 howler monkeys
  7 wights
  2 electric eels (D:10)
  2 bullfrog zombies
  A centaur zombie (D:5)
  8 orc priests
  4 bullfrog skeletons
  7 jellies
  A centaur skeleton (D:6)
  A gnoll shaman (D:7)
  3 hounds
  7 orc wizards
  Terence (D:2)
  2 iguanas
  13 worker ants
  A killer bee zombie (D:7)
  A centaur simulacrum (D:10)
  3 worker ant zombies
  6 adders
  4 gnolls (D:7)
  2 shadow imps (D:5)
  4 white imps
  3 ufetubi
  9 oozes
  An adder zombie (D:7)
  3 adder skeletons
  4 worms
  4 leopard geckos
  71 orcs
  9 giant cockroaches
  3 goblins
  6 hobgoblins
  7 jackals
  6 kobolds
  7 quokkas
  2 ball pythons
  6 bats
  3 frilled lizards
  A jackal skeleton (D:6)
  2 leopard gecko zombies
  A quokka skeleton (D:6)
  4 rats
  A rat zombie (D:5)
309 creatures vanquished.

Vanquished Creatures (collateral kills)
  2 kobold demonologists (D:10)
2 creatures vanquished.

Vanquished Creatures (others)
  A fungus (Lair:1)
  A plant (Lair:1)
2 creatures vanquished.

Grand Total: 313 creatures vanquished

Notes
Turn   | Place    | Note
-------+----------+-------------------------------------------
     0 | D:1      | Majorwet the Demonspawn Berserker began the quest for the
                  | Orb.
     0 | D:1      | Reached XP level 1. HP: 18/18 MP: 1/1
   485 | D:1      | Gained mutation: You sometimes gain a little power by
                  | taking damage. [demonic ancestry]
   485 | D:1      | Reached XP level 2. HP: 24/24 MP: 2/2
  1697 | D:2      | Reached XP level 3. HP: 30/30 MP: 3/3
  1725 | D:2      | Gained mutation: You sometimes gain power by taking damage.
                  | [demonic ancestry]
  1725 | D:2      | Reached XP level 4. HP: 37/37 MP: 4/4
  1877 | D:2      | Reached ** piety under Trog
  2262 | D:2      | Noticed Terence
  2272 | D:2      | Killed Terence
  2589 | D:3      | Gained mutation: When hurt, damage is shared between your
                  | health and your magic reserves. [demonic ancestry]
  2589 | D:3      | Reached XP level 5. HP: 42/42 MP: 5/5
  2995 | D:3      | You fall into a shaft and drop 2 floors!
  2995 | D:5      | Entered Level 5 of the Dungeon
  4086 | D:3      | Reached skill level 5 in Unarmed Combat
  4086 | D:3      | Reached XP level 6. HP: 48/48 MP: 6/6
  5259 | D:4      | Gained mutation: You are surrounded by a mild repulsion
                  | field. (EV +2) [demonic ancestry]
  5259 | D:4      | Reached XP level 7. HP: 24/55 MP: 1/7
  5260 | D:4      | Reached skill level 1 in Axes
  5696 | D:5      | Found an ancient bone altar of Kikubaaqudgha.
  5699 | D:5      | Reached *** piety under Trog
  5818 | D:5      | Reached skill level 1 in Shields
  5987 | D:5      | Reached skill level 2 in Axes
  6147 | D:5      | Noticed Pikel
  6160 | D:5      | Killed Pikel
  6161 | D:5      | Reached skill level 5 in Fighting
  6161 | D:5      | Reached skill level 4 in Axes
  6161 | D:5      | Gained mutation: You are powered by pain. [demonic
                  | ancestry]
  6161 | D:5      | Reached XP level 8. HP: 56/63 MP: 8/8
  6519 | D:5      | Found a blossoming altar of Fedhas.
  6519 | D:5      | Found a burning altar of Makhleb.
  6700 | D:6      | Reached skill level 5 in Axes
  7034 | D:6      | Noticed Edmund
  7042 | D:6      | Killed Edmund
  7311 | D:5      | Gained mutation: You have a pair of small horns on your
                  | head. [demonic ancestry]
  7311 | D:5      | Reached XP level 9. HP: 60/69 MP: 9/9
  7464 | D:6      | Reached skill level 6 in Axes
  7776 | D:6      | Noticed Grinder
  7795 | D:6      | Killed Grinder
  8669 | D:6      | Reached skill level 7 in Axes
  9260 | D:7      | Reached **** piety under Trog
  9323 | D:7      | Reached skill level 5 in Armour
  9391 | D:7      | Found Ikkugut's Antique Weapon Shoppe.
  9901 | D:7      | Reached skill level 8 in Axes
 10265 | D:7      | Gained mutation: You have a pair of horns on your head.
                  | [demonic ancestry]
 10265 | D:7      | Reached XP level 10. HP: 67/79 MP: 6/10
 10654 | D:7      | Found a staircase to the Ecumenical Temple.
 10741 | D:7      | Found a broken altar of Ashenzari.
 10850 | D:8      | Noticed a two-headed ogre
 11524 | D:8      | Found a blossoming altar of Fedhas.
 11533 | D:8      | Found a staircase to the Lair.
 11595 | D:8      | Killed a two-headed ogre
 11596 | D:8      | Reached skill level 9 in Axes
 11650 | D:8      | Noticed Maggie
 11662 | D:8      | Killed Maggie
 11864 | D:8      | Found a hazy altar of Hepliaklqana.
 11864 | D:8      | Found an opulent altar of Gozag.
 11865 | D:8      | Found a shadowy altar of Dithmenos.
 11865 | D:8      | Found a stormy altar of Qazlal.
 12162 | Lair:1   | Entered Level 1 of the Lair of Beasts
 12291 | Lair:1   | Reached ***** piety under Trog
 12339 | Lair:1   | Noticed a cane toad
 12352 | Lair:1   | Killed a cane toad
 12353 | Lair:1   | Reached skill level 10 in Axes
 12928 | D:9      | Noticed a two-headed ogre
 12937 | D:9      | Killed a two-headed ogre
 13292 | D:9      | Reached XP level 11. HP: 71/87 MP: 8/11
 13957 | D:10     | Entered Level 10 of the Dungeon
 14980 | D:10     | Found a portal to a secret trove of treasure.
 15076 | D:10     | Reached skill level 11 in Axes
 15531 | D:10     | Found a roughly hewn altar of Beogh.
 15549 | D:10     | Received a gift from Trog
 15692 | D:11     | Noticed a sixfirhy
 15692 | D:11     | Noticed a red ugly thing
 15699 | D:11     | Noticed a soul eater
 16282 | D:11     | Killed a red ugly thing
 16300 | D:11     | Slain by a manticore

Illustrated notes

Levels and vault maps discovered:
D:1:      dpeg_arrival_radiant, layout_basic, hangedman_decor_push,
          ebering_dispersal_statue_hall, minmay_pentomino_t4
D:2:      layout_loops_cross, glass_columns_c, uniq_terence
D:3:      layout_basic
D:4:      layout_rooms
D:5:      layout_basic, lemuel_zombie_altar_kikubaaqudgha,
          gammafunk_temple_overflow_elements, uniq_pikel
D:6:      layout_layer_cave, uniq_grinder, uniq_edmund
D:7:      layout_rooms, ashenzari_conservatory_becter, temple_fountains,
          serial_shops, shop
D:8:      layout_cave_pools, chequers_temple_overflow_statue_of_worship,
          lair_entry_dummy, basic_altar, uniq_maggie
D:9:      layout_cave_pools, minivault_25, solitary_fountain,
          statue_in_the_mist_lemuel, hangedman_little_slice_of_home
D:10:     layout_roguey, special_room [special_room_orc],
          nicolae_trove_entry_columns, serial_ice, serial_ice_f, serial_ice_b,
          serial_ice_o, serial_ice_l, serial_ice_m, serial_ice_d, serial_ice_e,
          grunt_decor_junction
D:11:     minmay_diamond_stairs, layout_rooms, serial_glass, glass_columns_b,
          glass_columns_c, feat_on_display, item_on_display_a, minmay_holes,
          minivault_29
Lair:1:   layout_loops_ring, grunt_megastairs_5, serial_bayou_shore_b,
          lemuel_fruit_tree, infiniplex_staircase_pool_2

Skill      XL: |  1  2  3  4  5  6  7  8  9 10 11 |
---------------+----------------------------------+-----
Dodging        | 2 3 |  3.6
Unarmed Combat | 3 4 5 |  5.4
Armour         | 2 3 4 5 6 |  6.4
Fighting       | 4 5 6 7 8 9 |  9.1
Axes           | 4 5 8 10 11 | 11.5
Shields        | 1 2 3 |  3.9
Evocations     | |  0.2

Action                   |  1- 3 |  4- 6 |  7- 9 | 10-12 || total
-------------------------+-------+-------+-------+-------++-------
Melee: Unarmed           |    68 |   301 |       |       ||   369
       Punch             |     1 |     3 |       |       ||     4
       Hand axe          |       |    18 |   417 |    73 ||   508
       Headbutt          |       |       |    49 |    75 ||   124
       Broad axe         |       |       |       |   270 ||   270
Invok: Berserk           |     3 |    10 |    15 |    12 ||    40
       Trog's Hand       |       |     1 |       |     3 ||     4
       Brothers in Arms  |       |       |       |     1 ||     1
Evoke: Wand              |       |       |       |     6 ||     6
  Use: Scroll            |       |     1 |       |    10 ||    11
       Potion            |       |       |       |     2 ||     2
Armor: Animal skin       |     5 |       |       |       ||     5
       Ring mail         |    23 |   103 |   108 |    25 ||   259
       Plate armour      |       |       |       |   174 ||   174
Dodge: Dodged            |    68 |   167 |   264 |   172 ||   671
Block: Buckler           |       |    21 |    91 |    87 ||   199
